 Dungeon Crawl Stone Soup version 0.30.0-29-ga12c61a403 (webtiles) character file.

Game seed: 17076231374486086701

50 McKennaii the Trooper (level 3, -5/29 HPs)
             Began as a Demonspawn Fighter on June 5, 2023.
             Killed by divine providence
             ... invoked by an orc priest
              (14 damage)
             ... on level 3 of the Dungeon.
             The game lasted 00:01:06 (1170 turns).

McKennaii the Trooper (Demonspawn Fighter)          Turns: 1170, Time: 00:01:06

Health: -5/29      AC: 11    Str: 18    XL:     3   Next: 55%
Magic:  3/3        EV: 24    Int:  9    God:
Gold:   81         SH:  4    Dex: 12    Spells: 2/2 levels left

rFire   . . .        a - +0 trident
rCold   . . .        c - +0 buckler
rNeg    . . .        b - +0 scale mail
rPois   .            (no helmet)
rElec   .            p - +2 cloak
rCorr   .            (no gloves)
SInv    .            (no boots)
Will    .....        o - amulet of the acrobat Stlth
                     (no ring)
HPRegen 0.24/turn    (no ring)
MPRegen 0.08/turn

%: acrobat
@: acrobatic
A: icy blue scales 1
a: no special abilities


You were on level 3 of the Dungeon.
You visited 1 branch of the dungeon, and saw 3 of its levels.

You collected 81 gold pieces.

Inventory:

Hand Weapons
 a - a +0 trident (weapon)
Armour
 b - a +0 scale mail (worn)
 c - a +0 buckler (worn)
 p - a +2 cloak (worn)
Jewellery
 o - an amulet of the acrobat (around neck)
Scrolls
 f - a scroll of immolation {unknown}
 h - 2 scrolls of identify {unknown}
 k - a scroll of amnesia {unknown}
 m - a scroll of enchant armour {unknown}
 n - 4 scrolls of teleportation {unknown}
 q - a scroll of brand weapon {unknown}
Potions
 d - a potion of might
 e - a potion of magic {unknown}
 g - a potion of degeneration {unknown}
 i - a potion of heal wounds {unknown}
 j - 2 potions of brilliance {unknown}
 l - a potion of curing {unknown}


   Skills:
 + Level 3.4 Fighting
 + Level 2.3 Polearms
 + Level 3.1 Armour
 + Level 3.1 Shields


You had 2 spell levels left.
You didn't know any spells.
Your spell library contained the following spells:

 Spells                   Type           Power      Damage    Failure   Level
 Lesser Beckoning         Tloc           0%         N/A       94%         2
 Gell's Gravitas          Tloc           0%         N/A       99%         3
 Teleport Other           Tloc           0%         N/A       99%         3


Dungeon Overview and Level Annotations

Branches:
Dungeon (3/15)

Altars:
Wu Jian


Innate Abilities, Weirdness & Mutations

You are partially covered in icy blue scales. (AC +2)


Message History

No target in view!
No target in view!
No target in view!
No target in view!
HP restored.
Items here: ( ))))) [[[ ††.
q - a scroll labelled WEAZUA RUSU You open the door.
An orc comes into view. It is wielding a +0 club.
The orc shouts!
You hear a shout!
The orc moves out of view.
No target in view!
No target in view!
There is an open door here.
An orc is nearby!
An orc priest comes into view. It is wielding a +0 hand axe.
Found an ornate altar of the Wu Jian Council.
An orc comes into view. It is wielding a +0 flail.
The orc priest moves out of view.
There are monsters nearby!
You hit the orc.
The orc is heavily wounded.
The orc hits you but does no damage.
There are monsters nearby!
You puncture the orc!
You kill the orc!
The orc priest calls down the wrath of Beogh upon you.
Beogh smites you!
An orc comes into view. It is wielding a +0 hand axe.
The orc priest invokes the aid of Beogh against you.
Beogh smites you!
* * * LOW HITPOINT WARNING * * *
You see here a +0 club.
There are monsters nearby!
You are too injured to fight recklessly!
There are monsters nearby!
There is an open door here.
The orc priest invokes the aid of Beogh against you.
Beogh smites you!
You die...

♣'♣♣♣+♣
#.....#
##o#### #.#
#o# #.# #o#
#.# #@#
.###########.#
.......<)....#
.#############


You could see an orc priest and 2 orcs.

Vanquished Creatures
  A worm (D:2)
  A dart slug (D:2)
  6 orcs (D:3)
  3 endoplasms (D:1)
  2 giant cockroaches (D:1)
  2 goblins
  3 hobgoblins (D:1)
  3 jackals (D:2)
  A quokka (D:2)
  2 ball pythons
  4 bats
  2 frilled lizards (D:1)
  A kobold (D:1)
  4 rats
35 creatures vanquished.

Notes
Turn   | Place    | Note
-------+----------+-------------------------------------------
     0 | D:1      | McKennaii the Demonspawn Fighter began the quest for the
                  | Orb.
     0 | D:1      | Reached XP level 1. HP: 18/18 MP: 1/1
   173 | D:1      | Gained mutation: You are partially covered in icy blue
                  | scales. (AC +2) [demonic ancestry]
   173 | D:1      | Reached XP level 2. HP: 24/24 MP: 2/2
   706 | D:2      | Reached XP level 3. HP: 29/29 MP: 3/3
  1157 | D:3      | Found an ornate altar of the Wu Jian Council.
  1170 | D:3      | Killed from afar by an orc priest

Illustrated notes

Levels and vault maps discovered:
D:1:      saegor_arrival_simple_d, layout_basic
D:2:      layout_loops_ring, chequers_serial_rivers_micro_a,
          minmay_misc_feat_hallway
D:3:      kennysheep_six_static_rooms, layout_loops_ring,
          nicolae_overflow_hidden_temple, mainiacjoe_overflow_six_doors_small,
          dreamdust_mushroom_princess, kennysheep_potato

Skill      XL: |  1  2 |
---------------+-------+-----
Polearms       | 2 |  2.3
Armour         | 3 |  3.1
Shields        | 3 |  3.1
Fighting       | |  3.4

Action                     || total
---------------------------++-------
  Melee: Trident           ||   122
 Armour: Scale mail        ||    53
  Dodge: Dodged            ||    36
  Block: Buckler           ||    23
